 Dungeon Crawl Stone Soup version 0.26-a0-812-g31a745ddcd (webtiles) character file.

Game seed: 3495707690700438059

863 mkm the Digger (level 8, 0/41 HPs)
             Began as a Gargoyle Earth Elementalist on Dec 9, 2020.
             Was a Follower of Vehumet.
             Slain by an orc warrior
             ... wielding a +0 flail
              (17 damage)
             ... on level 5 of the Dungeon.
             The game lasted 00:30:06 (9783 turns).

mkm the Digger (Gargoyle Earth Elementalist)        Turns: 9783, Time: 00:30:06

Health: 0/41       AC:  9    Str: 13    XL:     8   Next: 3%
Magic:  6/17       EV: 12    Int: 17    God:    Vehumet [*.....]
Gold:   255        SH:  0    Dex: 10    Spells: 10/20 levels left

rFire    . . .     SeeInvis .   B - +1 dagger (pain)
rCold    + . .     Faith    .   (no shield)
rNeg     + . .     Spirit   .   c - +0 robe
rPois    ∞         Reflect  .   (no helmet)
rElec    +         Harm     .   (no cloak)
rCorr    .         Rampage  .   h - +0 pair of gloves
MR       .....                  n - +0 pair of boots
Stlth    ++........             o - amulet of the acrobat
HPRegen  0.13/turn              u - ring of protection from cold
MPRegen  0.15/turn              t - ring of flight

@: no status effects
A: negative energy resistance 1, electricity resistance, unbreathing,
petrification resistance, rot immunity, AC +5
a: Renounce Religion, Evoke Flight


You were on level 5 of the Dungeon.
You worshipped Vehumet.
Vehumet was aware of your devotion.
You visited 2 branches of the dungeon, and saw 7 of its levels.

You collected 255 gold pieces.

Inventory:

Hand Weapons
 f - a +0 short sword
 B - a +1 dagger of pain (weapon)
Missiles
 b - 163 stones (quivered)
Armour
 c - a +0 robe (worn)
 h - a +0 pair of gloves (worn)
 n - a +0 pair of boots (worn)
 C - a +3 leather armour of cold resistance
Jewellery
 o - an amulet of the acrobat (around neck)
 t - a ring of flight (right hand)
 u - a ring of protection from cold (left hand)
 v - an uncursed ring of protection from magic {unknown}
 y - an uncursed ring of stealth {unknown}
 A - a +4 ring of evasion {unknown}
Scrolls
 a - 4 scrolls of remove curse
 d - a scroll of noise
 e - a scroll of magic mapping {unknown}
 g - 2 scrolls of random uselessness {unknown}
 k - a scroll of identify
 l - a scroll of fear {unknown}
 q - 2 scrolls of blinking {unknown}
 r - a scroll of amnesia
 s - a scroll of fog {unknown}
 z - a scroll of enchant armour {unknown}
Potions
 i - a potion of cancellation {unknown}
 j - a potion of brilliance {unknown}
 m - 3 potions of curing
 p - a potion of berserk rage {unknown}
 w - a potion of ambrosia {unknown}
 x - a potion of heal wounds {unknown}


   Skills:
 - Level 1.5 Dodging
 - Level 2.1 Stealth
 + Level 6.6 Spellcasting
 * Level 1.7 Conjurations
   Level 0.7 Transmutations
 + Level 0.5 Fire Magic
 + Level 6.9 Earth Magic


You had 10 spell levels left.
You knew the following spells:

 Your Spells              Type           Power        Failure   Level
a - Sandblast             Erth           ####..       1%          1
b - Stone Arrow           Conj/Erth      ###...       6%          3
c - Lee's Rapid Deconstr  Erth           ####......   19%         5
d - Foxfire               Conj/Fire      #...         8%          1

Your spell library contained the following spells:

 Spells                   Type           Power        Failure   Level
 Passwall                 Tmut/Erth      ###.....     3%          2
 Petrify                  Tmut/Erth      ###.....     24%         4


Dungeon Overview and Level Annotations

Branches:
Dungeon (6/15)             Temple (1/1) D:4

Altars:
Ashenzari
Dithmenos
Elyvilon
Fedhas
Gozag
Hepliaklqana
Kikubaaqudgha
Makhleb
Nemelex Xobeh
Okawaru
Sif Muna
Trog
Uskayaw
Vehumet
Wu Jian
Xom
Yredelemnul
Zin
The Shining One

Annotations:
D:3 3 runed translucent doors, Nebesus's ghost, amateur KoAK
D:4 Dowan; Duvessa


Innate Abilities, Weirdness & Mutations

You are resistant to torment.
Your stone body is resilient. (AC +5)
You are immune to poison.
You resist negative energy. (rN+)
You are resistant to electric shocks. (rElec)
You can survive without breathing.
You are immune to petrification.
You are immune to rotting.


Message History

Confirm with . or Enter, or press ? or * to list all spells.
Aiming: Sandblast (safe; 1% risk of failure)
Press: ? - help, Shift-Dir - straight line, f/p - orc warrior
Aim: an orc warrior, wielding a +0 flail and wearing a +0 plate armour The blast of sand hits the orc warrior!
The orc warrior is heavily wounded.
b - 164 stones The orc barely misses you.
The orc warrior hits you with a +0 flail.
Casting: Sandblast (safe; 1% risk of failure)
Confirm with . or Enter, or press ? or * to list all spells.
Aiming: Sandblast (safe; 1% risk of failure)
Press: ? - help, Shift-Dir - straight line, f/p - orc warrior
Aim: an orc warrior, wielding a +0 flail and wearing a +0 plate armour (heavily wounded)
The blast of sand hits the orc warrior but does no damage.
The orc warrior is heavily wounded.
b - 163 stones The orc barely misses you.
The orc warrior hits you with a +0 flail!
You die...

...#....# ...#....# ...#....#
######### ...#....# #.......#
...#....# #.......# ...#....#
#.......#
...#....############.......######
...#............o................
...'...........o@................
####....).(......................
.................................
........####[#...................
........#....#...................
........#....#...)...............
........#....#...................
#'##....#...##......#############
...#....#...#.......#


You could see an orc warrior and an orc.

Vanquished Creatures
  An ogre (D:3)
  A centaur (D:5)
  A water moccasin zombie (D:6)
  3 wights
  A quasit (D:5)
  A hound (D:3)
  An orc priest (D:5)
  Terence (D:2)
  A bullfrog skeleton (D:4)
  4 worker ants
  An iguana (D:6)
  An orc wizard (D:2)
  A hound skeleton (D:4)
  8 gnolls
  3 adders
  A shadow imp (D:5)
  An ufetubus (D:5)
  An ooze (D:3)
  An adder zombie (D:5)
  An adder skeleton (D:4)
  A dart slug (D:4)
  4 leopard geckos
  11 orcs
  7 bats
  3 giant cockroaches
  10 goblins
  5 hobgoblins
  6 jackals
  5 kobolds
  2 quokkas (D:3)
  2 ball pythons (D:3)
  5 frilled lizards
  A jackal skeleton (D:4)
  9 rats
105 creatures vanquished.

Notes
Turn   | Place    | Note
-------+----------+-------------------------------------------
     0 | D:1      | mkm the Gargoyle Earth Elementalist began the quest for the
                  | Orb.
     0 | D:1      | Reached XP level 1. HP: 10/10 MP: 3/3
   292 | D:1      | Reached XP level 2. HP: 15/15 MP: 1/5
  1142 | D:2      | Reached XP level 3. HP: 19/19 MP: 5/7
  1147 | D:2      | Learned a level 3 spell: Stone Arrow
  1251 | D:2      | Found a shadowy altar of Dithmenos.
  1261 | D:2      | Found a hazy altar of Hepliaklqana.
  1563 | D:2      | Reached XP level 4. HP: 24/24 MP: 1/9
  2623 | D:3      | Reached XP level 5. HP: 28/28 MP: 7/11
  2895 | D:2      | Reached skill level 5 in Earth Magic
  3778 | D:3      | Found a runed translucent gate.
  3778 | D:3      | Found a runed translucent gate.
  3779 | D:3      | Found a runed translucent gate.
  3780 | D:3      | Found an opulent altar of Gozag.
  3875 | D:3      | Noticed an orc warrior
  3876 | D:3      | Noticed Nebesus's ghost (amateur KoAK)
  3883 | D:3      | Noticed Terence
  3915 | D:2      | Killed Terence
  4028 | D:3      | Found a hide-covered altar of Uskayaw.
  4031 | D:3      | Noticed a +0 hand axe
  4031 | D:3      | Noticed a +0 hand axe
  4320 | D:4      | Learned a level 5 spell: Lee's Rapid Deconstruction
  4324 | D:4      | Reached XP level 6. HP: 32/32 MP: 2/13
  4898 | D:4      | Found a staircase to the Ecumenical Temple.
  4911 | Temple   | Entered the Ecumenical Temple
  5113 | Temple   | Became a worshipper of Vehumet
  5280 | D:4      | Found a white marble altar of Elyvilon.
  5281 | D:4      | Noticed Duvessa
  5281 | D:4      | Noticed Dowan
  5382 | D:3      | Reached skill level 5 in Spellcasting
  6234 | D:5      | Entered Level 5 of the Dungeon
  6603 | D:5      | Reached XP level 7. HP: 36/36 MP: 11/15
  9505 | D:6      | Reached * piety under Vehumet
  9505 | D:6      | Offered knowledge of Foxfire by Vehumet.
  9505 | D:6      | Reached skill level 1 in Conjurations
  9508 | D:6      | Learned a level 1 spell: Foxfire
  9651 | D:5      | Reached XP level 8. HP: 35/41 MP: 0/17
  9783 | D:5      | Slain by an orc warrior

Illustrated notes

Levels and vault maps discovered:
D:1:      minmay_arrival_split_and_join, layout_basic
D:2:      layout_basic, overflow_temple_1_default,
          grunt_dithmenos_smoke_and_mirrors
D:3:      layout_basic, dancing_weapons_uskayaw, ebering_ghost_gozag,
          st_stairs_5, minmay_box_of_dots, uniq_terence
D:4:      layout_rooms, elyvilon_altar_3, minmay_temple_entry_poolview,
          uniq_duvessa
D:5:      layout_gridville
D:6:      layout_cave_pools, nicolae_qazlal_eye_of_the_storm, serial_shops,
          kennysheep_mini, minivault_11, minmay_misc_feat_rugged, minivault_5
Temple:   eino_temple_rhombus

Skill      XL: |  1  2  3  4  5  6  7 |
---------------+----------------------+-----
Earth Magic    | 4 5 6 |  6.9
Spellcasting   | 3 4 5 6 |  6.6
Conjurations   | 1 |  1.7
Dodging        | |  1.5
Stealth        | |  2.1
Transmutations | |  0.7
Fire Magic     | |  0.5

Action                   |  1- 3 |  4- 6 |  7- 9 || total
-------------------------+-------+-------+-------++-------
Melee: Short sword       |    56 |    70 |       ||   126
       Unarmed           |     4 |       |       ||     4
       Dagger            |       |       |     3 ||     3
 Cast: Sandblast         |    18 |    39 |    18 ||    75
       Stone Arrow       |       |    32 |    46 ||    78
       Lee's Rapid Decon |       |       |     5 ||     5
  Use: Scroll            |       |     2 |     4 ||     6
       Potion            |       |       |     1 ||     1
 Stab: Sleeping          |     3 |       |       ||     3
Armor: Robe              |    26 |    44 |    22 ||    92
Dodge: Dodged            |    57 |   123 |    49 ||   229

Table legend: (Time is in decaauts)
 A = Elapsed time spent in this place.
 B = Non-inter-level travel time spent in this place.
 C = Inter-level travel time spent in this place.
 D = Time resting spent in this place.
 E = Time spent auto-exploring this place.
 F = Levels seen in this place.
 G = Mean time per level.
                   A        B        C        D        E       F      G
               +--------+--------+--------+--------+--------+-----+--------+
         Total |   9809 |   9650 |    159 |   4486 |   3565 |   7 | 1401.3 |
       Dungeon |   9591 |   9448 |    143 |   4486 |   3422 |   6 | 1598.5 |
        Temple |    218 |    202 |     16 |      0 |    143 |   1 |  218.0 |
               +--------+--------+--------+--------+--------+-----+--------+

Top non-repeatable levels by time:
     D:5: 2965 daAuts
     D:3: 2262 daAuts
     D:2: 1847 daAuts
     D:4: 1400 daAuts
     D:1: 912 daAuts
  Temple: 218 daAuts
     D:6: 202 daAuts
